 Dungeon Crawl Stone Soup version 0.15.0-31-geb66e34 (webtiles) character file.

121 Johnny the Ruinous (level 4, -3/35 HPs)
             Began as a Demigod Conjurer on Sept 12, 2014.
             Killed by divine providence
             ... invoked by an orc priest
              (14 damage)
             ... on Level 3 of the Dungeon.
             The game lasted 00:04:39 (1759 turns).

Johnny the Ruinous (Demigod Conjurer)               Turns: 1759, Time: 00:04:40

HP  -3/35        AC  7     Str 12      XL: 4   Next: 49%
MP   2/20        EV  9     Int 20      God:
Gold 25          SH  0     Dex 17      Spells:  3 memorised,  2 levels left

rFire  . . .     SeeInvis +     t - +4 quarterstaff (chaos)
rCold  . . .     Clarity  .     h - +0 ring mail
rNeg   . . .     rCorr    .     (no shield)
rPois  .         rRot     .     w - +1 hat {SInv}
rElec  .         Spirit   .     u - +0 cloak
SustAb .         Warding  .     (no gloves)
rMut   .         Stasis   .     (no boots)
Gourm  .                        (no amulet)
MR     .....                    g - ring of magical power
                                o - +5 ring of slaying

@: not resistant to hostile enchantments, unstealthy
A: no striking features
a: no special abilities


You were on level 3 of the Dungeon.
You were hungry.

You visited 1 branch of the dungeon, and saw 3 of its levels.

You collected 25 gold pieces.

Inventory:

Hand weapons
 t - a +4 quarterstaff of chaos (weapon)
Armour
 h - a +0 ring mail (worn)
 u - a +0 cloak (worn)
 w - a +1 hat of see invisible (worn)
Magical devices
 s - a wand of frost (7)
Comestibles
 a - a rotting chunk of gnoll flesh
 b - 2 bread rations
 n - a beef jerky
Scrolls
 d - a scroll of fog {unknown}
 e - 3 scrolls of identify {unknown}
 l - a scroll of fear {unknown}
 m - a scroll of teleportation
 v - a scroll of enchant weapon {unknown}
Jewellery
 f - a +1 ring of protection
 g - a ring of magical power (right hand)
 o - a +5 ring of slaying (left hand)
 q - an uncursed ring of magical power
Potions
 i - a potion of cancellation {unknown}
 j - 2 potions of curing {unknown}
 k - a potion of might {unknown}
 p - a potion of mutation {unknown}
 r - a potion of restore abilities {unknown}
 x - a potion of invisibility {unknown}
Books
 c - a book of Conjurations

   Spells                             Type                      Level
   *Magic Dart                        Conjuration                  1
   *Searing Ray                       Conjuration                  2
   *Dazzling Spray                    Conjuration/Hexes            3
   Fulminant Prism                    Conjuration/Hexes            4
   Iskenderun's Mystic Blast          Conjuration                  4
   Iskenderun's Battlesphere          Conjuration/Charms           5


   Skills:
 * Level 1.3 Fighting
 + Level 1.0 Armour
 + Level 2.2 Dodging
 + Level 2.3 Stealth
 * Level 2.6 Spellcasting
 * Level 4.1 Conjurations


You had 2 spell levels left.
You knew the following spells:

 Your Spells              Type           Power        Failure   Level  Hunger
a - Magic Dart            Conj           ###.         4%          1    None
b - Searing Ray           Conj           ###...       8%          2    ##.....
c - Dazzling Spray        Conj/Hex       ##......     30%         3    ###....


Dungeon Overview and Level Annotations

Branches:
Dungeon (3/15)


Message History

The orc is heavily wounded.
The orc hits you but does no damage.
The searing ray hits the orc.
You kill the orc!
The searing ray hits the orc.
The orc is almost dead.
The orc hits you but does no damage.
The searing ray hits the orc.
You kill the orc!
The orc priest mumbles some strange prayers to Beogh against you.
Something smites you!
Casting: Searing Ray
Confirm with . or Enter, or press ? or * to list all spells.
Aiming: Dazzling Spray
Press: ? - help, Shift-Dir - straight line, f - orc priest
Aim: an orc priest, wielding a dagger and wearing a leather armour The spray of energy misses the orc priest.
The orc priest mumbles some strange prayers to Beogh against you.
Something smites you!
You die...

#.## ####.#### ...#
#.......#
...#####.##....####
.............#....# ###
...#####..#.###.#.#.....
.......#..#..#.(#.#.....
.......[.......(........
..)....#..#.#.#.#.#.....
...#####........@.# ..
..<>..%........o###
.#.########.#...# ...#
#.###.# #.## #.. ..#
..### #####.# ###.## #.#
##.#.## #.# ..###.# .


You could see an orc priest.

Vanquished Creatures
  Crazy Yiuf (D:2)
  A gnoll (D:1)
  3 adders (D:2)
  A worm (D:2)
  2 giant geckos
  An ooze (D:1)
  3 orcs (D:3)
  11 bats
  2 giant cockroaches
  2 hobgoblins
  A quokka (D:2)
  2 ball pythons
  5 giant newts
  3 goblins
  6 jackals
  4 kobolds
  2 rats
50 creatures vanquished.

Notes
Turn   | Place    | Note
--------------------------------------------------------------
     0 | D:1      | Johnny, the Demigod Conjurer, began the quest for the Orb.
     0 | D:1      | Reached XP level 1. HP: 14/14 MP: 3/3
    37 | D:1      | Reached XP level 2. HP: 16/22 MP: 0/4
   955 | D:2      | Learned a level 2 spell: Searing Ray
   965 | D:2      | Reached XP level 3. HP: 19/27 MP: 8/8
  1075 | D:2      | Learned a level 3 spell: Dazzling Spray
  1164 | D:2      | Reached skill level 1 in Fighting
  1326 | D:2      | Found a white marble altar of Elyvilon.
  1357 | D:2      | Noticed Crazy Yiuf
  1363 | D:2      | Killed Crazy Yiuf
  1363 | D:2      | Reached skill level 4 in Conjurations
  1363 | D:2      | Reached XP level 4. HP: 27/35 MP: 9/11
  1705 | D:3      | Reached skill level 1 in Armour
  1759 | D:3      | Killed from afar by an orc priest

Action                   |  1- 3 |  4- 6 || total
-------------------------+-------+-------++-------
Melee: Unarmed           |     3 |       ||     3
       Spear             |    58 |       ||    58
       Quarterstaff      |       |    13 ||    13
 Cast: Magic Dart        |    34 |     5 ||    39
       Dazzling Spray    |     3 |     2 ||     5
       Searing Ray       |     2 |     2 ||     4
  Use: Scroll            |     1 |       ||     1
 Stab: Sleeping          |     2 |       ||     2
  Eat: Chunk             |     2 |     1 ||     3
